 Dungeon Crawl Stone Soup version 0.31-a0-1074-g0b22e4e0f1 (webtiles) character file.

Game seed: 13752061967935324806

1601154 ParallaxScroll the Contaminator (level 27, 205/205 HPs)
             Began as a Djinni Hedge Wizard on Dec 2, 2023.
             Was an Initiate of Gozag.
             Escaped with the Orb
             ... and 3 runes on Dec 4, 2023!
             The game lasted 09:08:27 (70979 turns).

ParallaxScroll the Contaminator (DjHW)             Turns: 70979, Time: 09:08:27

Health: 205/205    AC: 16    Str: 11    XL:     27
Gold:   49         EV: 24    Int: 28    God:    Gozag SH: 15 Dex: 21

rFire   + + +        a - staff of Deusiruh {rC+ Conj}
rCold   + . .        S - +0 kite shield
rNeg    + . .        u - +2 robe {rC+ rF+}
rPois   ∞            t - +2 helmet
rElec   +            Z - +4 dragonskin cloak
rCorr   .            L - +2 pair of gloves {hurl}
SInv    +            (boots unavailable)
Will    ++...        C - amulet of Vitality {RegenMP++ Regen++}
Stlth   ++           J - ring "Fuptu" {rElec rN+ Str+2 Dex+6 SInv}
HPRegen 2.14/turn    G - ring of the Mage {Wiz Archmagi}
MPRegen 0.00/turn

%: wizardry (x1), archmagi
@: flying, studying 2 skills, bribing [the Dungeon, the Vaults, the Realm of
Zot, the Depths]
A: sickness immunity, fire resistance 2, cold vulnerability 1, float, innate
caster, HP casting, extra vitality 1
0: Orb of Zot
}: 3/15 runes: decaying, silver, gossamer
a: Renounce Religion, Potion Petition, Call Merchant, Bribe Branch


You escaped.
You worshipped Gozag.
Gozag was noncommittal.
You visited 10 branches of the dungeon, and saw 48 of its levels.
You also visited: Bailey, Gauntlet, Ice Cave and Wizlab.

You collected 23592 gold pieces.
You spent 2448 gold pieces at shops.
You paid 21095 gold pieces to Gozag.

Inventory:

Hand Weapons
 b - a +3 double sword of protection
 n - the +9 scimitar of the Dull God {freeze, Int+3 Dex+3}
   (You took it off a deep elf annihilator on level 3 of the Elven Halls)

   Int+3:     It affects your intelligence (+3).
   Dex+3:     It affects your dexterity (+3).
Missiles
 g - 26 javelins
 r - 4 curare-tipped darts
 B - 14 silver javelins
 O - 17 boomerangs (quivered)
 Q - 8 throwing nets
Armour
 t - a +2 helmet (worn)
 u - a +2 robe of resistance (worn)
 L - a +2 pair of gloves of hurling (worn)
 S - a +0 kite shield (worn)
 U - a +2 cloak of willpower
 Z - the +4 dragonskin cloak (worn)
   (You took it off Tiamat on level 3 of the Realm of Zot)

   Avatar's Aegis: It grants the wearer a chance to resist fire, cold, poison,
   electricity, acid, and negative energy.
Magical Staves
 a - the staff of Deusiruh (weapon) {rC+ Conj}
   (You acquired it on level 4 of the Vaults)

   [staff of conjuration]

   Base accuracy: +5 Base damage: 5 Base attack delay: 1.2 This weapon's minimum
   attack delay (0.6) is reached at skill level 12.
   rC+:       It protects you from cold.
   Conj:      It increases the power of your Conjurations spells.
   It falls into the 'Staves' category.
   It is a one-handed weapon.
Jewellery
 C - the amulet of Vitality (around neck) {RegenMP++ Regen++}
   (You found it in a Gauntlet)

   [amulet of magic regeneration]

   RegenMP:   It increases your rate of magic regeneration.
   Regen++:   It increases your rate of health regeneration.
 G - the ring of the Mage (right hand) {Wiz Archmagi}
   (You found it on level 5 of the Vaults)

   [ring of wizardry]

   Wiz:       It improves your spell success rate.
   Archmagi:  It increases the power of your magical spells.
 J - the ring "Fuptu" (left hand) {rElec rN+ Str+2 Dex+6 SInv}
   (You took it off a wight on level 6 of the Dungeon)

   [ring of dexterity]

   Str+2:     It affects your strength (+2).
   Dex+6:     It affects your dexterity (+6).
   rElec:     It insulates you from electricity.
   rN+:       It protects you from negative energy.
   SInv:      It lets you see invisible.
 W - a ring of resist corrosion
Wands
 d - a wand of mindburst (40)
 i - a wand of digging (1)
 o - a wand of polymorph (25)
 K - a wand of paralysis (44)
 M - a wand of quicksilver (38)
 T - a wand of iceblast (55)
Scrolls
 l - 5 scrolls of torment
 m - 9 scrolls of fog
 p - 19 scrolls of teleportation
 y - 7 scrolls of fear
 z - 6 scrolls of poison
 D - a scroll of revelation
 N - 3 scrolls of vulnerability
 P - 10 scrolls of blinking
 V - 14 scrolls of immolation
Potions
 f - 6 potions of mutation
 j - 13 potions of heal wounds
 k - 5 potions of invisibility
 s - 7 potions of enlightenment
 v - 9 potions of berserk rage
 w - 2 potions of resistance
 x - 9 potions of might
 A - 5 potions of cancellation
 E - 22 potions of curing
 F - 9 potions of ambrosia
 H - 6 potions of attraction
 R - 9 potions of brilliance
 X - 3 potions of lignification
 Y - 6 potions of haste
Miscellaneous
 c - a sack of spiders
 e - a tin of tremorstones (2/2)
 h - a lightning rod (4/4)
 q - a phial of floods
 I - a phantom mirror


   Skills:
 + Level 20.1 Fighting
 - Level 3.0(10.7) Short Blades
 - Level 15.8(16.0) Long Blades
 - Level 2.0 Throwing
 - Level 6.0 Armour
 - Level 17.0 Dodging
 - Level 6.0 Stealth
 - Level 17.0 Shields
 - Level 23.0 Spellcasting
 - Level 23.0 Conjurations
 - Level 23.0 Hexes
 - Level 23.0 Summonings
 - Level 23.0 Necromancy
 - Level 23.0 Translocations
 - Level 23.0 Transmutations
 - Level 23.0 Fire Magic
 - Level 23.0 Ice Magic
 - Level 23.0 Air Magic
 - Level 23.0 Earth Magic
 - Level 24.3 Poison Magic
 - Level 9.0 Evocations


You knew the following spells:

 Your Spells              Type           Power      Damage    Failure   Level
a - Magic Dart            Conj           100%       1d8       0%          1
b - Starburst             Conj/Fire      76%        6d19      0%          6
c - Plasma Beam           Fire/Air       63%        2x1d79    0%          6
d - Lehudib's Crystal Sp  Conj/Erth      76%        10d17     1%          8
e - Summon Horrible Thin  Summ           63%        N/A       1%          8
f - Yara's Violent Unrav  Hex/Tmut       63%        3d24      0%          5
g - Dispersal             Tloc           63%        N/A       0%          6
h - Ozocubu's Armour      Ice            100%       N/A       0%          3
i - Blink                 Tloc           100%       N/A       0%          2
j - Mephitic Cloud        Conj/Pois/Air  100%       N/A       0%          3
k - Alistair's Intoxicat  Tmut/Pois      85%        N/A       0%          5
l - Slow                  Hex            100%       N/A       0%          1
m - Call Imp              Summ           100%       N/A       0%          2
n - Shock                 Conj/Air       100%       1d9       0%          1
o - Hailstorm             Conj/Ice       100%       3d20      0%          3
p - Lesser Beckoning      Tloc           100%       N/A       0%          2
q - Shatter               Erth           63%        3d47*     6%          9
r - Death's Door          Necr           63%        N/A       6%          9
Your spell library was empty.

Dungeon Overview and Level Annotations

Branches:
Dungeon (15/15)            Temple (1/1) D:7            Lair (5/5) D:10
  Swamp (4/4) Lair:3       Spider (4/4) Lair:2        Slime (0/5) Lair:5
    Orc (2/2) D:12            Elf (3/3) Orc:2        Vaults (5/5) D:13
  Crypt (0/3) Vaults:2     Depths (4/4) D:15            Zot (5/5) Depths:4
 Bailey (visited)           IceCv (visited)          WizLab (visited)
Gauntlet (visited)

Altars:
Ashenzari
Cheibriados
Dithmenos
Elyvilon
Fedhas
Gozag
Hepliaklqana
Makhleb
Nemelex Xobeh
Okawaru
Qazlal
Ru
Trog
Uskayaw
Wu Jian
Xom
Yredelemnul
Zin
The Shining One

Shops:
D:5 (   D:7 =*   D:9 ([   D:11 *   D:15 *   Orc:1 !   Orc:2 (*([:   Elf:2 [
Vaults:3 [   Vaults:4 :   Depths:4 *

Portals:
Hell: Depths:1* Depths:2 Depths:3 Depths:4
Abyss: Depths:3
Pandemonium: Depths:2
Ziggurat: Depths:3

Annotations:
D:4 odbg100's ghost, novice MiFi
D:13 Nessos
Swamp:3 3 runed translucent doors, quinnr's ghost, adept TeAE
Elf:2 3 runed translucent doors
Depths:3 exclusions: dread lich and 2 more exclusions
Zot:5 36 runed doors


Innate Abilities, Weirdness & Mutations

You are immune to sickness and miasma.
You are immune to poison.
Your flesh is very heat resistant. (rF++)
You are vulnerable to cold. (rC-)
You float through the air rather than walking.
You learn spells naturally, not from books.
Your magical power is your life essence.
You have superior vitality. (+4 MHP)


Message History

Casting: Lehudib's Crystal Spear (mildly dangerous; 1% risk of failure)
Confirm with . or Enter, or press ? or * to list all spells.
You can't see any susceptible monsters within range! (Use Z to cast anyway.)
What level of the Dungeon? (default 1, ? - help)
Your blizzard demon grins greedily, jangling a coin purse.
A blizzard demon comes into view.
What level of the Dungeon? (default 1, ? - help) Cumpaih gestures at something.
You swap places.
You feel a bit more experienced.
Your blizzard demon gestures at something.
Your blizzard demon waves its arms in wide circles.
You feel a bit more experienced.
There is a stone staircase leading up here.
You fly upwards.
There is a stone staircase leading down here.
You swap places.
You see here a +0 ring mail.
You see here a +0 dagger.
You see here a +0 club.
There is a stone staircase leading up here.
You fly upwards.
There is a stone staircase leading down here.
Your Hell Sentinel grins greedily, jangling a coin purse.
A Hell Sentinel comes into view.
Casting: Lehudib's Crystal Spear (mildly dangerous; 1% risk of failure)
Confirm with . or Enter, or press ? or * to list all spells.
You can't see any susceptible monsters within range! (Use Z to cast anyway.)
What level of the Dungeon? (default 1, ? - help)
There is a stone staircase leading up here.
You fly upwards.
There is a stone staircase leading down here.
There is an open door here.
You reach down and open the door.
There is an open door here.
You reach down and open the door.
There is an open door here.
There is an escape hatch in the floor here.
There is a staircase leading out of the dungeon here.
You have escaped!

#.# #.# # ##.#######
##'## ##### #........#
##...## #.... #....###.#
##.....###.###
#.....##.###.......##.###
#......#.##.........#.##.
#.......X1'1........'....
#.......&##1........#.##.
#####.#.@###.......##....
#.#### ##.....####### #.#
##...## #.# ##'##
###.##### #.# #####
#.......# ##.####...#
#.#.###.####.......#.#
#.#............###...#
#.#####.###.....###.###


You could see the friendly Cumpaih, a friendly Hell Sentinel and a friendly Orb
Guardian.

Vanquished Creatures
  A dread lich (Zot:5)
  Tiamat (Zot:3)
  2 juggernauts (Depths:3)
  Mara (Swamp:3)
  Boris (twice) (Vaults:2 Vaults:4)
  Frederick (Vaults:2)
  3 Killer Klowns
  2 curse toes
  9 golden dragons
  Norris (Depths:3)
  A bone dragon (Swamp:4)
  An electric golem (Zot:1)
  Mlioglotl (Spider:4)
  15 tentacled monstrosities
  Rupert (D:15)
  3 liches
  8 Orb Guardians (Zot:5)
  2 deep elf blademasters (Elf:3)
  5 sphinxes
  8 quicksilver dragons
  A titan (Vaults:5)
  A deep elf master archer (Elf:3)
  A kraken (Swamp:3)
  6 death cobs
  Kirke (Spider:2)
  7 shadow dragons
  A thorn hunter (Swamp:4)
  16 storm dragons
  A tengu reaver (Depths:4)
  A fenstrider witch (Swamp:1)
  Donald (Swamp:2)
  7 fire giants
  2 draconian monks (Zot:3)
  4 frost giants
  10 vault wardens
  8 deep elf sorcerers
  7 draconian knights
  9 emperor scorpions
  3 draconian scorchers
  7 ghost moths
  2 balrugs
  5 deep elf elementalists (Elf:3)
  A ghoul (Swamp:4)
  5 orc warlords
  A draconian shifter (Zot:3)
  3 draconian annihilators
  3 draconian stormcallers
  2 iron dragons (Depths:3)
  17 ironbound preservers
  A broodmother (Spider:3)
  2 vampire knights (Vaults:2)
  16 very ugly things
  9 ironbound thunderhulks
  3 formless jellyfish
  4 eleionomae
  8 deep elf demonologists
  6 red draconians
  5 deep elf annihilators
  9 dire elephants
  6 black draconians
  12 stone giants
  11 purple draconians
  16 white draconians
  A lorocyproca (Depths:2)
  7 spark wasps
  8 yellow draconians
  A minotaur (Gauntlet)
  Azrael (D:13)
  5 green draconians
  An orange crystal statue (WizLab)
  3 bunyips
  8 ettins
  Snorg (D:11)
  2 merfolk javelineers (Depths:2)
  9 deep elf death magi (Elf:3)
  6 crystal guardians
  8 fire dragons
  A merfolk impaler (Depths:3)
  An eidolon (Depths:3)
  9 yaktaur captains
  2 entropy weavers
  A salamander tyrant (Depths:4)
  6 deep elf high priests
  2 ghost crabs (Swamp:4)
  9 ice dragons
  3 rakshasas
  6 vault guards
  5 great orbs of eyes
  12 hydras
  A hell beast (Depths:3)
  3 peacekeepers
  10 alligators
  6 radroaches
  4 ironbound frosthearts
  An ogre mage (Vaults:5)
  3 jorogumos
  4 spriggan air magi
  2 two-headed ogres
  Erica (D:8)
  6 dancing weapons
  7 centaur warriors
  2 tengu warriors
  A death knight (Vaults:2)
  4 deep troll shamans
  11 boulder beetles
  5 deep troll earth magi
  2 orc high priests
  6 demonic crawlers
  Urug (D:10)
  11 spriggans
  10 spriggan berserkers
  14 deep elf knights
  3 sun demons
  Sonja (D:11)
  A shadow wraith (Vaults:5)
  7 hell knights
  Nergalle (Orc:2)
  7 pharaoh ants
  3 skysharks
  A spectral bunyip (Swamp:4)
  5 skeletal warriors
  5 iron trolls
  A sun moth (Spider:4)
  A swamp dragon (Swamp:4)
  3 spriggan druids
  6 glowing orange brains
  43 deep trolls
  4 goliath frogs
  A flayed ghost (Depths:4)
  7 bog bodies
  9 deep elf archers
  8 arcanists
  A steelbarb worm (shapeshifter) (Depths:3)
  9 orb spiders
  19 deep elf zephyrmancers
  12 orc knights
  8 lindwurms
  3 necromancers
  4 phantasmal warriors
  Pikel (D:9)
  5 steelbarb worms
  46 ugly things
  27 ironbound convokers
  23 deep elf pyromancers
  4 alligator zombies (Swamp:4)
  11 wolf spiders
  4 orc sorcerers
  A faun (shapeshifter) (Depths:2)
  2 manticores
  7 will-o-the-wisps
  A toenail golem (Depths:4)
  24 moths of wrath
  2 cyclopes
  4 salamanders (Depths:4)
  Maurice (D:9)
  7 elephants
  An elf zombie (Vaults:4)
  13 vault sentinels
  2 gargoyles
  4 black mambas
  10 cane toads
  A smoke demon (D:9)
  8 storm dragon simulacra (IceCv)
  An eye of devastation (Gauntlet)
  A torpor snail (Lair:5)
  An unseen horror (D:12)
  5 kobold demonologists
  2 rime drakes (Lair:2)
  Maggie (D:7)
  An efreet (D:15)
  7 komodo dragons
  17 yaktaurs
  5 swamp worm zombies (Swamp:4)
  8 golden dragon simulacra (IceCv)
  4 hydra zombies (Swamp:4)
  2 freezing wraiths
  An ice devil (D:9)
  A tengu conjurer (D:15)
  A meliai (shapeshifter) (D:14)
  11 hornets
  A queen bee (Gauntlet)
  2 hellwings (D:9)
  11 polar bears
  12 tarantellas
  5 trolls
  3 bloated husks
  11 tyrant leeches
  30 blink frogs
  Prince Ribbit (D:6)
  7 dream sheep
  5 spectral swamp dragons (Swamp:4)
  A dream sheep (shapeshifter) (D:15)
  2 glass eyes
  48 slime creatures
  23 jumping spiders
  23 culicivoras
  5 air elementals
  3 vampires
  3 wraiths
  10 water elementals
  4 wyverns
  A shadow (D:11)
  7 hogs (Spider:2)
  A golden eye (Gauntlet)
  A steam dragon (shapeshifter) (Depths:3)
  36 yaks
  4 basilisks
  8 fire elementals
  4 vampire mosquitoes
  21 swamp worms
  2 steam dragons
  A swamp worm (shapeshifter) (D:15)
  Edmund (D:6)
  52 redbacks
  9 wargs
  A harpy simulacrum (D:15)
  20 hell hounds
  2 acid dragons
  9 water moccasins
  An ice beast (shapeshifter) (Vaults:5)
  3 swamp dragon zombies (Swamp:4)
  13 black bears
  4 ice dragon simulacra (IceCv)
  26 orc warriors
  An ice beast (D:5)
  A sky beast (D:8)
  18 wolves
  12 centaurs
  6 ogres
  9 phantoms
  6 kobold brigands
  Blork the orc (Orc:2)
  2 gnoll sergeants
  12 bullfrogs
  2 earth elementals
  3 scorpions
  2 necrophages (Swamp:4)
  20 wights
  A lindwurm simulacrum (IceCv)
  20 killer bees
  3 howler monkeys
  10 jellies
  2 hounds
  2 gnoll boudas
  13 orc priests
  5 iguanas
  Jessica (D:2)
  19 orc wizards
  Ijyb (D:3)
  Terence (D:3)
  A spectral swamp drake (Swamp:4)
  12 adders
  27 gnolls
  2 swamp drake zombies (Swamp:4)
  A shadow imp (D:8)
  4 ufetubi (D:5)
  6 worms
  2 dart slugs
  80 orcs
  A bat (D:1)
  5 endoplasms
  2 giant cockroaches
  15 goblins
  12 hobgoblins
  A jackal (D:5)
  22 kobolds
  2 quokkas
  3 training dummies (Orc:2)
  8 ball pythons
  4 frilled lizards
  22 rats
  A spectral weapon (D:11)
  3 tentacles (Swamp:3)
1839 creatures vanquished.

Vanquished Creatures (collateral kills)
  A dread lich (Zot:5)
  A Killer Klown (Zot:5)
  An electric golem (Zot:5)
  An Ice Fiend (D:4)
  2 tentacled monstrosities (Zot:5)
  11 Orb Guardians (Zot:5)
  3 storm dragons
  2 shadow dragons
  2 tengu reavers (Vaults:5)
  A draconian knight (Zot:5)
  A vault warden (Vaults:5)
  A balrug (Zot:2)
  3 very ugly things (Depths:1)
  An ironbound preserver (Vaults:5)
  A draconian annihilator (Zot:5)
  3 stone giants
  A yellow draconian (Zot:3)
  2 white draconians (Zot:5)
  2 ettins (Vaults:5)
  A fire dragon (Depths:1)
  A yaktaur captain (Vaults:5)
  5 vault guards (Vaults:5)
  A deep troll (Vaults:5)
  3 phantasmal warriors (Vaults:5)
  2 ugly things (Depths:1)
  A moth of wrath (Zot:5)
  A freezing wraith (Vaults:5)
  2 ice devils
  A yaktaur (Vaults:5)
  A hellwing (D:9)
  A wyvern (D:11)
  A chaos spawn (D:14)
  A redback (Vaults:5)
  2 hell hounds (D:6)
  A centaur (D:6)
  A gnoll (D:11)
  A white imp (D:7)
  An orc (D:4)
  2 goblins (D:10)
70 creatures vanquished.

Vanquished Creatures (others)
  2 dread liches (Vaults:5)
  2 ancient liches
  A Killer Klown (Zot:5)
  A golden dragon (Zot:5)
  A golden dragon (shapeshifter) (Vaults:5)
  A tentacled monstrosity (Vaults:5)
  3 Orb Guardians (Zot:5)
  2 titans (Vaults:5)
  A sphinx (Vaults:5)
  2 tengu reavers (Vaults:5)
  A storm dragon (Vaults:5)
  2 fire giants (Vaults:5)
  An iron dragon (Vaults:5)
  A frost giant (Vaults:5)
  3 vault wardens (Vaults:5)
  2 stone giants (Vaults:5)
  3 ironbound preservers (Vaults:5)
  2 very ugly things (Vaults:5)
  2 ettins (Vaults:5)
  A yaktaur captain (Vaults:5)
  15 vault guards (Vaults:5)
  An ogre mage (Vaults:5)
  6 deep trolls (Vaults:5)
  A shadow demon (Zot:5)
  A flayed ghost (Vaults:5)
  A phantasmal warrior (Vaults:5)
  2 ironbound convokers (Vaults:5)
  A manticore (shapeshifter) (Vaults:5)
  A vault sentinel (Vaults:5)
  A freezing wraith (Vaults:5)
  7 yaktaurs (Vaults:5)
  2 foxfires (Swamp:4)
  A spectral weapon (D:10)
  A tentacle (Swamp:3)
75 creatures vanquished.

Grand Total: 1984 creatures vanquished

Notes
Turn   | Place    | Note
-------+----------+-------------------------------------------
     0 | D:1      | ParallaxScroll the Djinni Hedge Wizard began the quest for
                  | the Orb.
     0 | D:1      | ParallaxScroll set off with the following spells memorised:
                  | Magic Dart, Slow, Blink, Call Imp, Mephitic Cloud.
     0 | D:1      | Reached XP level 1. HP: 15/15 MP: 0/0
   175 | D:1      | Reached skill level 3 in Poison Magic
   546 | D:1      | Reached XP level 2. HP: 18/21 MP: 0/0
   612 | D:1      | Found a faded altar of an unknown god.
  1067 | D:2      | Reached XP level 3. HP: 23/25 MP: 0/0
  1067 | D:2      | Learned a level 1 spell: Shock
  1422 | D:2      | Noticed Jessica
  1590 | D:2      | Reached skill level 1 in Shields
  1774 | D:2      | Reached XP level 4. HP: 30/31 MP: 0/0
  2051 | D:3      | Noticed Terence
  2085 | D:3      | Identified a scroll of acquirement
  2086 | D:3      | Acquired the staff of the Desert {rPois rF+ Int+4 Poison}
  2132 | D:3      | Noticed Ijyb
  2153 | D:3      | Killed Ijyb
  2255 | D:3      | Noticed a scorpion
  2268 | D:3      | Killed a scorpion
  2269 | D:3      | Reached skill level 4 in Poison Magic
  2269 | D:3      | Reached XP level 5. HP: 29/35 MP: 0/0
  2269 | D:3      | Learned a level 2 spell: Lesser Beckoning
  2534 | D:3      | Killed Terence
  2696 | D:3      | Reached XP level 6. HP: 36/40 MP: 0/0
  3346 | D:4      | Found a transporter.
  3347 | D:4      | Noticed odbg100's ghost (novice MiFi)
  3349 | D:4      | Found a transporter.
  3615 | D:4      | Reached skill level 5 in Spellcasting
  3615 | D:4      | Reached skill level 5 in Conjurations
  3615 | D:4      | Reached skill level 5 in Hexes
  3615 | D:4      | Reached skill level 5 in Summonings
  3615 | D:4      | Reached skill level 5 in Necromancy
  3615 | D:4      | Reached skill level 5 in Translocations
  3615 | D:4      | Reached skill level 5 in Transmutations
  3615 | D:4      | Reached skill level 5 in Fire Magic
  3615 | D:4      | Reached skill level 5 in Ice Magic
  3615 | D:4      | Reached skill level 5 in Air Magic
  3615 | D:4      | Reached skill level 5 in Earth Magic
  3615 | D:4      | Reached skill level 5 in Poison Magic
  3615 | D:4      | Reached XP level 7. HP: 40/46 MP: 0/0
  3615 | D:4      | Learned a level 3 spell: Hailstorm
  3651 | D:4      | Reached skill level 1 in Fighting
  4550 | D:5      | Entered Level 5 of the Dungeon
  4758 | D:5      | Reached skill level 1 in Evocations
  4904 | D:5      | Reached XP level 8. HP: 48/54 MP: 0/0
  4915 | D:5      | Reached skill level 1 in Short Blades
  5436 | D:5      | Noticed a gargoyle
  5501 | D:5      | Found Egaufit's Weapon Emporium.
  5707 | D:5      | Reached skill level 6 in Poison Magic
  5858 | D:5      | Identified the ring "Fuptu" {rElec rN+ Str+2 Dex+6 SInv}
  6192 | D:6      | Noticed Edmund
  6198 | D:6      | Noticed a wyvern
  6208 | D:6      | Killed a wyvern
  6219 | D:6      | Reached XP level 9. HP: 52/62 MP: 0/0
  6219 | D:6      | Learned a level 3 spell: Ozocubu's Armour
  6220 | D:6      | Killed Edmund
  6232 | D:6      | Reached skill level 5 in Fighting
  6287 | D:6      | Identified the +1 robe "Ucicurea" {+Inv rF+}
  6376 | D:6      | Noticed Prince Ribbit
  6729 | D:7      | Noticed Maggie
  6755 | D:7      | Killed Maggie
  6846 | D:7      | Found a staircase to the Ecumenical Temple.
  6853 | Temple   | Entered the Ecumenical Temple
  6876 | Temple   | Became a worshipper of Gozag Ym Sagoz the Greedy
  6995 | D:7      | Found Luag's Jewellery Boutique.
  7139 | D:7      | Found Ure Lyutz's Assorted Antiques.
  7406 | D:8      | Identified the +6 ring mail of Intercession {rC++ rCorr
                  | Str-5 SInv}
  7544 | D:7      | Bought a metallic purple potion for 17 gold pieces
  7544 | D:7      | Bought a grey potion for 17 gold pieces
  7544 | D:7      | Bought a black potion for 17 gold pieces
  7544 | D:7      | Bought a glowing ruby ring for 95 gold pieces
  7544 | D:7      | Bought a scroll of identify for 38 gold pieces
  7544 | D:7      | Bought a scroll of identify for 38 gold pieces
  7633 | D:8      | Found a shadowy altar of Dithmenos.
  7634 | D:8      | Noticed a two-headed ogre
  7638 | D:8      | Killed a two-headed ogre
  7639 | D:8      | Reached skill level 7 in Poison Magic
  7639 | D:8      | Reached skill level 5 in Stealth
  7639 | D:8      | Reached XP level 10. HP: 68/70 MP: 0/0
  7654 | D:8      | Noticed Erica
  7960 | D:2      | Killed Jessica
  8775 | D:6      | Killed Prince Ribbit
  8776 | D:6      | Reached skill level 1 in Long Blades
  8923 | D:8      | Killed Erica
  9080 | D:8      | Found a snail-covered altar of Cheibriados.
  9279 | D:9      | Reached skill level 5 in Long Blades
  9447 | D:9      | Found Eplaorua's Magic Scroll Emporium.
  9483 | D:9      | Bought a scroll of identify for 30 gold pieces
  9483 | D:9      | Bought a scroll of identify for 30 gold pieces
  9483 | D:9      | Bought a scroll of teleportation for 45 gold pieces
  9483 | D:9      | Bought a scroll of teleportation for 45 gold pieces
  9483 | D:9      | Bought a scroll of teleportation for 45 gold pieces
  9483 | D:9      | Bought a scroll of teleportation for 45 gold pieces
  9509 | D:9      | Noticed Maurice
  9541 | D:9      | Noticed a kobold demonologist
  9549 | D:9      | Killed a kobold demonologist
  9550 | D:9      | Reached XP level 11. HP: 55/76 MP: 0/0
  9550 | D:9      | Learned a level 5 spell: Yara's Violent Unravelling
  9912 | D:9      | Found Fodukan's Antique Weapon Shoppe.
 10086 | D:9      | Noticed Pikel
 10096 | D:9      | Killed Pikel
 10097 | D:9      | Reached skill level 8 in Poison Magic
 10253 | D:9      | Found Yti Mauh's Armour Boutique.
 10505 | D:9      | Maurice stole 3 curare-tipped darts
 10513 | D:9      | Killed Maurice
 10564 | D:10     | Entered Level 10 of the Dungeon
 10646 | D:10     | Noticed Urug
 10657 | D:11     | Noticed Sonja
 10669 | D:11     | Killed Sonja
 10672 | D:11     | Noticed Snorg
 10692 | D:10     | Noticed a two-headed ogre
 10834 | D:10     | Found a staircase to the Lair.
 10856 | Lair:1   | Entered Level 1 of the Lair of Beasts
 10867 | Lair:1   | Reached skill level 5 in Evocations
 11073 | D:10     | Found a flagged portal.
 11107 | Bailey   | Entered a bailey
 12108 | Lair:1   | Reached skill level 9 in Poison Magic
 12121 | Lair:1   | Reached XP level 12. HP: 70/81 MP: 0/0
 12316 | Lair:1   | Reached skill level 5 in Dodging
 13417 | Lair:2   | Noticed a boulder beetle
 13426 | Lair:2   | Killed a boulder beetle
 13427 | Lair:2   | Reached skill level 10 in Spellcasting
 13427 | Lair:2   | Reached skill level 10 in Conjurations
 13427 | Lair:2   | Reached skill level 10 in Hexes
 13427 | Lair:2   | Reached skill level 10 in Summonings
 13427 | Lair:2   | Reached skill level 10 in Necromancy
 13427 | Lair:2   | Reached skill level 10 in Translocations
 13427 | Lair:2   | Reached skill level 10 in Transmutations
 13427 | Lair:2   | Reached skill level 10 in Fire Magic
 13427 | Lair:2   | Reached skill level 10 in Ice Magic
 13427 | Lair:2   | Reached skill level 10 in Air Magic
 13427 | Lair:2   | Reached skill level 10 in Earth Magic
 13427 | Lair:2   | Reached skill level 10 in Poison Magic
 14216 | Lair:2   | Found a hole to the Spider Nest.
 14312 | Lair:2   | Reached XP level 13. HP: 87/90 MP: 0/0
 14312 | Lair:2   | Learned a level 5 spell: Alistair's Intoxication
 15078 | Lair:3   | Reached skill level 10 in Long Blades
 15424 | Lair:3   | Noticed a five-headed hydra
 15432 | Lair:3   | Killed a two-headed hydra
 15582 | Lair:3   | Noticed a seven-headed hydra
 15591 | Lair:3   | Killed a four-headed hydra
 15869 | Lair:3   | Found a staircase to the Swamp.
 16863 | Lair:4   | Noticed a six-headed hydra
 17869 | Lair:4   | Killed a three-headed hydra
 18624 | Lair:5   | Entered Level 5 of the Lair of Beasts
 18756 | Lair:5   | Found a staircase to the Slime Pits.
 18945 | Lair:5   | Reached XP level 14. HP: 89/96 MP: 0/0
 20929 | Lair:5   | Reached skill level 5 in Shields
 21630 | Lair:5   | Identified the +2 pair of boots of the Desert {Rampage
                  | rPois Str+5 Int-5}
 21773 | Lair:5   | Identified the +5 sling of the Sugar Beet {freeze, rElec
                  | rF- Int+2 Stlth+}
 22540 | D:10     | Killed Urug
 22829 | D:7      | Bought a ring of protection from cold for 275 gold pieces
 22962 | D:6      | Reached skill level 1 in Throwing
 23446 | D:11     | Killed Snorg
 23969 | D:11     | Found Sadoschirch's Serpentskin Sales.
 24445 | D:12     | Identified the +9 mace of the Grinning Gods {freeze, Str+2}
 24794 | D:12     | Found a staircase to the Orcish Mines.
 25302 | D:13     | Reached skill level 1 in Armour
 25302 | D:13     | Reached XP level 15. HP: 66/103 MP: 0/0
 25302 | D:13     | Learned a level 6 spell: Starburst
 25485 | D:13     | Found a gate leading to a gauntlet.
 25520 | Gauntlet | Entered a Gauntlet
 25520 | Gauntlet | Found a transporter.
 25520 | Gauntlet | Found a transporter.
 25578 | Gauntlet | Found a transporter.
 25581 | Gauntlet | Found a transporter.
 25581 | Gauntlet | Found a transporter.
 25581 | Gauntlet | Found a transporter.
 25591 | Gauntlet | Found a transporter.
 25595 | Gauntlet | Found a transporter.
 25605 | Gauntlet | Found a transporter.
 25712 | Gauntlet | Found a transporter.
 25712 | Gauntlet | Found a transporter.
 25722 | Gauntlet | Found a transporter.
 25883 | Gauntlet | Reached skill level 10 in Dodging
 26063 | Gauntlet | Identified the ring "Sytekehu" {rN+ Int+7 Dex+6}
 26076 | Gauntlet | Found the amulet of Vitality {RegenMP++ Regen++}
 26755 | D:13     | Noticed Azrael
 26866 | D:13     | Killed Azrael
 26992 | D:13     | Identified the +9 halberd "Sodghy" {pain, rCorr Str+3}
 27456 | D:13     | Noticed Nessos
 27670 | D:13     | Found a gate to the Vaults.
 27810 | D:13     | Reached skill level 11 in Poison Magic
 27924 | Orc:1    | Entered Level 1 of the Orcish Mines
 28796 | Orc:2    | Entered Level 2 of the Orcish Mines
 28810 | Orc:2    | Found Ylakit's Firing Range.
 29064 | Orc:2    | Noticed Blork the orc
 29067 | Orc:2    | Killed Blork the orc
 29595 | Orc:2    | Noticed an orc warlord
 29657 | Orc:2    | Killed an orc warlord
 29705 | Orc:2    | Noticed Nergalle
 29713 | Orc:2    | Killed Nergalle
 29714 | Orc:2    | Reached skill level 10 in Fighting
 29850 | Orc:2    | Found Sutannis's General Store.
 29859 | Orc:2    | Found Feziff's Antique Weapon Shoppe.
 29904 | Orc:2    | Found Gahut's Antique Armour Shoppe.
 29929 | Orc:2    | Bought a scroll of blinking for 112 gold pieces
 30136 | Orc:2    | Found a staircase to the Elven Halls.
 30181 | Orc:1    | Found Lakuusk's Distillery.
 30190 | Orc:1    | Bought a potion of invisibility for 128 gold pieces
 30190 | Orc:1    | Bought a potion of haste for 160 gold pieces
 30190 | Orc:1    | Bought a potion of curing for 48 gold pieces
 30190 | Orc:1    | Bought 2 potions of brilliance for 128 gold pieces
 30190 | Orc:1    | Bought a potion of brilliance for 64 gold pieces
 30190 | Orc:1    | Bought a potion of enlightenment for 80 gold pieces
 30504 | Orc:2    | Found Dipoad's Book Shoppe.
 31403 | D:14     | Found a stormy altar of Qazlal.
 31403 | D:14     | Identified the +5 whip of Descent {drain, rElec}
 31429 | D:14     | Reached XP level 16. HP: 104/113 MP: 0/0
 31568 | D:14     | Reached skill level 12 in Poison Magic
 31912 | D:15     | Entered Level 15 of the Dungeon
 31952 | D:15     | Found Acithrieb's General Store.
 31984 | D:15     | Noticed Rupert
 32213 | D:15     | Found a frozen archway.
 32231 | IceCv    | Entered an ice cave
 32655 | IceCv    | Noticed a white draconian knight
 32748 | IceCv    | Killed a white draconian knight
 32780 | IceCv    | Identified the ring "Navuimoowk" {MP+9 Int+2 SInv}
 33205 | D:15     | Killed Rupert
 33319 | D:15     | Bought a scroll of identify for 34 gold pieces
 33319 | D:15     | Bought a scroll of teleportation for 51 gold pieces
 33319 | D:15     | Bought a scroll of identify for 34 gold pieces
 33319 | D:15     | Bought a scroll of fear for 68 gold pieces
 33677 | D:15     | Found a staircase to the Depths.
 33819 | D:15     | Identified the +6 spear "Riuqas" {spect, SInv}
 34192 | D:7      | Bought a ring of resist corrosion for 220 gold pieces
 34331 | Spider:1 | Entered Level 1 of the Spider Nest
 34438 | Spider:1 | Reached skill level 13 in Poison Magic
 35461 | Spider:2 | Reached XP level 17. HP: 126/130 MP: 0/0
 35461 | Spider:2 | Learned a level 6 spell: Plasma Beam
 35487 | Spider:2 | Reached skill level 15 in Fighting
 35758 | Spider:2 | You are sucked into a shaft and drop 1 floor!
 35826 | Spider:3 | Identified the amulet of Grace {Faith +Blink rPois}
 35959 | Spider:2 | Noticed Kirke
 35967 | Spider:2 | Killed Kirke
 36000 | Spider:2 | Reached skill level 14 in Poison Magic
 37969 | Spider:4 | Entered Level 4 of the Spider Nest
 37969 | Spider:4 | Noticed Mlioglotl
 38008 | Spider:4 | Killed Mlioglotl
 38444 | Spider:4 | Reached skill level 15 in Spellcasting
 38444 | Spider:4 | Reached skill level 15 in Conjurations
 38444 | Spider:4 | Reached skill level 15 in Hexes
 38444 | Spider:4 | Reached skill level 15 in Summonings
 38444 | Spider:4 | Reached skill level 15 in Necromancy
 38444 | Spider:4 | Reached skill level 15 in Translocations
 38444 | Spider:4 | Reached skill level 15 in Transmutations
 38444 | Spider:4 | Reached skill level 15 in Fire Magic
 38444 | Spider:4 | Reached skill level 15 in Ice Magic
 38444 | Spider:4 | Reached skill level 15 in Air Magic
 38444 | Spider:4 | Reached skill level 15 in Earth Magic
 38444 | Spider:4 | Reached skill level 15 in Poison Magic
 38444 | Spider:4 | Reached XP level 18. HP: 135/139 MP: 0/0
 38937 | Spider:4 | Got a gossamer rune of Zot
 39390 | Swamp:1  | Entered Level 1 of the Swamp
 40124 | Swamp:2  | Identified the +0 chain mail of Evvariup {Harm Dex+7
                  | Stlth-}
 40143 | Swamp:2  | Noticed Donald
 40146 | Swamp:2  | Killed Donald
 40869 | Swamp:3  | Noticed Mara
 40871 | Swamp:3  | Noticed ParallaxScroll's illusion
 40882 | Swamp:3  | Killed Mara
 40900 | Swamp:3  | Noticed a kraken
 40905 | Swamp:3  | Killed a kraken
 41041 | Swamp:3  | Noticed a tentacled monstrosity
 41050 | Swamp:3  | Noticed quinnr's ghost (adept TeAE)
 41248 | Swamp:3  | Found a runed translucent gate.
 41248 | Swamp:3  | Found a runed translucent gate.
 41248 | Swamp:3  | Found a runed translucent gate.
 41446 | Swamp:4  | Entered Level 4 of the Swamp
 41552 | Swamp:4  | Reached XP level 19. HP: 133/145 MP: 0/0
 41552 | Swamp:4  | Learned a level 6 spell: Dispersal
 41855 | Swamp:4  | Reached skill level 16 in Poison Magic
 42015 | Swamp:4  | Noticed a bone dragon
 42038 | Swamp:4  | Killed a bone dragon
 42039 | Swamp:4  | Reached skill level 10 in Shields
 42556 | Swamp:4  | Got a decaying rune of Zot
 42935 | Elf:1    | Entered Level 1 of the Elven Halls
 43213 | Vaults:1 | Entered Level 1 of the Vaults
 44015 | Vaults:1 | Reached XP level 20. HP: 150/151 MP: 0/0
 44658 | Vaults:2 | Noticed Boris
 44751 | Vaults:2 | Found a magical portal.
 44764 | WizLab   | Entered Wucad Mu's Monastery
 44918 | WizLab   | Found the crystal ball of Wucad Mu {*channel}
 45013 | WizLab   | Reached XP level 21. HP: 161/161 MP: 0/0
 45013 | WizLab   | Learned a level 8 spell: Summon Horrible Things
 45448 | Vaults:2 | Noticed Frederick
 45452 | Vaults:2 | Killed Frederick
 45640 | D:15     | Bought a scroll of enchant weapon for 127 gold pieces
 46558 | Vaults:2 | Found a staircase to the Crypt.
 46802 | Vaults:2 | Killed Boris
 47629 | Vaults:3 | Reached skill level 17 in Poison Magic
 47769 | Vaults:3 | Reached skill level 15 in Long Blades
 47911 | Vaults:3 | Reached XP level 22. HP: 163/167 MP: 0/0
 48318 | Vaults:3 | Found Itacorr's Antique Armour Boutique.
 48328 | Vaults:3 | Bought a glowing helmet for 202 gold pieces
 48752 | Vaults:4 | Found Wuilodit's Book Boutique.
 49024 | Vaults:4 | Noticed Boris
 49028 | Vaults:4 | Killed Boris
 49628 | Vaults:4 | Reached skill level 18 in Poison Magic
 49750 | Vaults:4 | Acquired the staff of Deusiruh {rC+ Conj}
 50600 | Elf:1    | Paralysed by an air elemental for 1 turns
 50728 | Elf:1    | Reached XP level 23. HP: 163/173 MP: 0/0
 50728 | Elf:1    | Learned a level 8 spell: Lehudib's Crystal Spear
 51485 | Elf:1    | Paralysed by an air elemental for 1 turns
 51666 | Elf:2    | Found a runed translucent gate.
 51666 | Elf:2    | Found a runed translucent gate.
 51666 | Elf:2    | Found a runed translucent gate.
 51686 | Elf:2    | Found Siezoe's Antique Armour Shop.
 51704 | Elf:2    | Bought a runed helmet for 255 gold pieces
 52110 | Elf:3    | Entered Level 3 of the Elven Halls
 52237 | Elf:3    | Reached skill level 19 in Poison Magic
 52601 | Elf:3    | Identified the +6 scimitar "Djinni's Peril" {vamp, rC+}
 52766 | Elf:3    | Paralysed by an air elemental for 1 turns
 53463 | Elf:3    | Identified the +5 great sword of Umeohocw {freeze, rN+
                  | Dex+6 Stlth+}
 54433 | Elf:3    | Identified the +5 ice dragon scales of Lethargy {rF- rC++
                  | Str+6 Int-2 Dex+2}
 58152 | Elf:3    | Identified the +9 scimitar of the Dull God {freeze, Int+3
                  | Dex+3}
 58286 | Elf:3    | Found the +3 giant club "Skullcrusher" {speed, Str+7}
 58613 | Depths:1 | Entered Level 1 of the Depths
 58632 | Depths:1 | Reached skill level 20 in Poison Magic
 58718 | Depths:1 | Found a gateway to Hell.
 59001 | Depths:1 | Reached XP level 24. HP: 109/179 MP: 0/0
 59334 | Depths:2 | Reached skill level 15 in Shields
 59790 | Depths:2 | Found a one-way gate leading to the halls of Pandemonium.
 59993 | Depths:3 | Found a hazy altar of Hepliaklqana.
 60017 | Depths:3 | Noticed Norris
 60023 | Depths:3 | Killed Norris
 60201 | Depths:3 | Noticed a juggernaut
 60205 | Depths:3 | Killed a juggernaut
 60549 | Depths:3 | Noticed a dread lich
 60550 | Depths:3 | Found a one-way gateway to a ziggurat.
 60550 | Depths:3 | Noticed a dread lich
 60752 | Depths:3 | Found a broken altar of Ashenzari.
 61383 | Depths:3 | Found a one-way gate to the infinite horrors of the Abyss.
 61535 | Depths:4 | Entered Level 4 of the Depths
 61650 | Depths:4 | Noticed a juggernaut
 61890 | Depths:3 | Killed a juggernaut
 62187 | Depths:4 | Reached skill level 5 in Armour
 62508 | Depths:4 | Noticed a golden dragon
 62520 | Depths:4 | Killed a golden dragon
 62684 | Depths:4 | Reached XP level 25. HP: 175/187 MP: 0/0
 62684 | Depths:4 | Learned a level 9 spell: Shatter
 63056 | Depths:4 | Found Big Baal Hell's Store.
 63851 | Depths:4 | Found a gate to the Realm of Zot.
 64527 | Vaults:5 | Entered Level 5 of the Vaults
 64527 | Vaults:5 | Noticed a dread lich
 64560 | Vaults:5 | Noticed a dread lich
 64581 | Vaults:5 | Reached skill level 21 in Poison Magic
 64816 | Vaults:5 | Found the ring of the Mage {Wiz Archmagi}
 64845 | Vaults:5 | Identified the ring of the Scarab {rC+ Int-5 Dex+7 Slay+6}
 64870 | Vaults:5 | Killed a dread lich
 64879 | Vaults:5 | Noticed an ancient lich
 64883 | Vaults:5 | Identified the +6 long sword of Extinguishment {flame,
                  | Contam rPois rC+ Int+5}
 65082 | Vaults:5 | Killed a dread lich
 65103 | Vaults:5 | Identified the +4 longbow "Raluhuz" {flame, rN+ Int+3
                  | Dex-5}
 65585 | Vaults:5 | Identified the +0 short sword "Piekesit" {antimagic, Int+4
                  | Stlth+}
 65655 | Vaults:5 | Acquired 660 gold pieces
 65719 | Vaults:5 | Identified the +1 arbalest of Ynoatt {penet, *Slow rF+ rC+}
 65794 | Vaults:5 | Identified the +7 glaive of Kaagh {heavy, Fragile Str+8
                  | SInv Stlth-}
 65803 | Vaults:5 | Got a silver rune of Zot
 67182 | Zot:1    | Entered Level 1 of the Realm of Zot
 67375 | Zot:1    | Reached skill level 22 in Poison Magic
 67437 | Zot:1    | HP: 4/187 [electric golem/bolt of lightning (15)]
 67938 | Zot:3    | Reached XP level 26. HP: 175/193 MP: 0/0
 68096 | Zot:3    | Found the +4 dragonskin cloak
 68096 | Zot:3    | Noticed Tiamat
 68167 | Zot:3    | Killed Tiamat
 68232 | Zot:3    | Reached skill level 23 in Poison Magic
 68596 | Zot:4    | Noticed a curse toe
 68662 | Zot:4    | Killed a curse toe
 68795 | Zot:4    | Reached skill level 24 in Poison Magic
 68880 | Zot:4    | Noticed a Killer Klown
 68886 | Zot:4    | Killed a Killer Klown
 69235 | Zot:5    | Entered Level 5 of the Realm of Zot
 69235 | Zot:5    | Found a huge runed gate.
 69235 | Zot:5    | Found a huge runed gate.
 69235 | Zot:5    | Found a huge runed gate.
 69235 | Zot:5    | Found a huge runed gate.
 69235 | Zot:5    | Found a huge runed gate.
 69235 | Zot:5    | Found a huge runed gate.
 69235 | Zot:5    | Found a huge runed gate.
 69235 | Zot:5    | Found a huge runed gate.
 69238 | Zot:5    | Found a huge runed gate.
 69238 | Zot:5    | Found a huge runed gate.
 69238 | Zot:5    | Found a huge runed gate.
 69238 | Zot:5    | Found a huge runed gate.
 69241 | Zot:5    | Found a huge runed gate.
 69242 | Zot:5    | Found a huge runed gate.
 69245 | Zot:5    | Noticed an ancient lich
 69245 | Zot:5    | Noticed an ancient lich
 69245 | Zot:5    | Noticed a Killer Klown
 69245 | Zot:5    | Noticed an ancient lich
 69245 | Zot:5    | Noticed a dread lich
 69245 | Zot:5    | Found a huge runed gate.
 69245 | Zot:5    | Found a huge runed gate.
 69245 | Zot:5    | Found a huge runed gate.
 69245 | Zot:5    | Found a huge runed gate.
 69245 | Zot:5    | Found a huge runed gate.
 69245 | Zot:5    | Found a huge runed gate.
 69470 | Zot:5    | Found a huge runed gate.
 69470 | Zot:5    | Found a huge runed gate.
 69470 | Zot:5    | Found a huge runed gate.
 69470 | Zot:5    | Found a huge runed gate.
 69609 | Zot:5    | Noticed a Killer Klown
 69614 | Zot:5    | Killed a Killer Klown
 69619 | Zot:5    | Reached XP level 27. HP: 139/203 MP: 0/0
 69619 | Zot:5    | Learned a level 9 spell: Death's Door
 69662 | Zot:5    | Found a huge runed gate.
 69663 | Zot:5    | Found a huge runed gate.
 69835 | Zot:5    | Found a huge runed gate.
 69835 | Zot:5    | Found a huge runed gate.
 69835 | Zot:5    | Found a huge runed gate.
 69835 | Zot:5    | Found a huge runed gate.
 69835 | Zot:5    | Found a huge runed gate.
 69836 | Zot:5    | Found a huge runed gate.
 69837 | Zot:5    | Found a huge runed gate.
 69838 | Zot:5    | Found a huge runed gate.
 69839 | Zot:5    | Found a huge runed gate.
 69847 | Zot:5    | Found a huge runed gate.
 70125 | Zot:5    | Noticed a dread lich
 70125 | Zot:5    | Noticed an orb of fire
 70125 | Zot:5    | Noticed an orb of fire
 70126 | Zot:5    | Noticed a Killer Klown
 70127 | Zot:5    | Noticed a Killer Klown
 70137 | Zot:5    | Killed a Killer Klown
 70143 | Zot:5    | Killed a dread lich
 70149 | Zot:5    | Reached skill level 15 in Dodging
 70150 | Zot:5    | Killed a Killer Klown
 70174 | Zot:5    | Noticed an ancient lich
 70228 | Zot:5    | Noticed an orb of fire
 70244 | Zot:5    | Noticed a Killer Klown
 70245 | Zot:5    | Noticed an orb of fire
 70278 | Zot:5    | Killed a Killer Klown
 70281 | Zot:5    | Noticed a dread lich
 70285 | Zot:5    | Killed a dread lich
 70353 | Zot:5    | Got the Orb of Zot
 70671 | D:14     | Noticed Cumpaih the pandemonium lord
 70979 | D:$      | Escaped with the Orb!

Illustrated notes

Levels and vault maps discovered:
D:1:      dpeg_arrival_tiny_a, layout_loops_corners,
          hellmonk_ecumenical_altar_prayer_group
D:2:      layout_basic, minmay_rat_hole, uniq_jessica
D:3:      kb_forest_paths, layout_basic, nicolae_wormholes, uniq_ijyb,
          uniq_terence
D:4:      layout_layer_cave, gammafunk_ghost_arena
D:5:      minmay_chambers_of_fours, layout_loops_ring, serial_shops, shop,
          minmay_fractal_squares_5
D:6:      layout_basic, uniq_prince_ribbit1, uniq_edmund
D:7:      layout_rooms, minmay_temple_entry_arrows, serial_shops,
          nicolae_shop_stone, shop, grunt_ministairs_7,
          kennysheep_decorative_pillar, uniq_maggie
D:8:      layout_rooms, cheibrodos_worm_habitat,
          mainiacjoe_overflow_concentric_impassable, minmay_misc_feat_tiny,
          uniq_erica
D:9:      layout_cave_pods, serial_shops, nicolae_shop_back_alley_shop, shop,
          shop, uniq_maurice, uniq_pikel
D:10:     layout_basic, lair_entry_dummy, lightli_bailey_entry_fortress,
          uniq_urug
D:11:     layout_loops_ring, guppyfry_shop_venom, uniq_sonja, uniq_snorg
D:12:     layout_loops_cross, erik_orc_4
D:13:     layout_layer_cave, david_vaults_4, gauntlet_entry_generic,
          uniq_azrael, uniq_nessos
D:14:     layout_basic, nicolae_qazlal_general_emergency,
          nicolae_elevator_lobby_asterisk
D:15:     gammafunk_enter_depths_forms, layout_loops_ring,
          portal_ice_cave_entry_pillars_three, serial_shops,
          nicolae_shop_statue_plus, uniq_rupert
Temple:   nicolae_temple_slightly_damp_pantheon
Lair:1:   layout_cave_pods, lemuel_fruit_tree
Lair:2:   layout_gridlike, hellmonk_spider_entry_life_and_decay
Lair:3:   layout_roguey, palyth_hydra_swamp_entry
Lair:4:   layout_cave_pods, nicolae_lair_grove_arrangements
Lair:5:   hangedman_lair_caniforms_friends, layout_cave_shapes,
          nicolae_slime_entry_slimehenge, nicolae_lair_lil_pond,
          fungi_pond_lemuel, hangedman_lair_generics_rect
Swamp:1:  layout_basic_swamp, infiniplex_staircase_pool_2,
          nicolae_swamp_very_dense_foliage, swamp_pool_1_2,
          nicolae_swamp_tree_designs
Swamp:2:  layout_basic_swamp, serial_swamp_ruin, evilmike_swamp_ruin_house_3,
          hangedman_swamp_ruin_wall, evilmike_swamp_ruin_house_1, uniq_donald
Swamp:3:  layout_basic_swamp, gammafunk_ghost_split,
          evilmike_swamp_ruin_house_4, nicolae_swamp_thats_no_hydra,
          nicolae_swamp_decorative_isthmus, uniq_mara
Swamp:4:  swamp_pestilence, layout_basic_swamp
Spider:1: layout_spider_delve
Spider:2: layout_chambers, uniq_kirke
Spider:3: layout_chambers
Spider:4: grunt_spider_rune_circles, uniq_mlioglotl
Orc:1:    cheibrodos_orc_bank, layout_diamond_mine, serial_shops, shop
Orc:2:    grunt_orc_cross, layout_caves, basic_altar, nicolae_shop_firing_range
Elf:1:    elf_arrival_002, layout_onion_city, hangedman_elf_represent,
          hangedman_elf_targeted_burst
Elf:2:    elven_hall_of_blades_hangedman_original
          [nicolae_blade_entry_sentries_behind_glass], layout_onion_city,
          serial_shops, nicolae_shop_window_shopping
Elf:3:    minmay_elf_hall_curves, layout_geoelf_octagon, st_stairs_3
Vaults:1: nicolae_vaults_enemy_cabinets, nicolae_vaults_inception_statues,
          hangedman_vaults_locks, hangedman_vaults_stream, v_misc_2,
          vaults_room_door_hall, nicolae_vaults_trapezoid_1,
          hangedman_vaults_pinch, nicolae_vaults_big_ls,
          nicolae_vaults_little_squares_6, ontoclasm_vaults_twist,
          layout_vaults_omnibox
Vaults:2: mu_enter_wizlab_6, nicolae_vaults_little_squares_1, v_rooms_6,
          nicolae_vaults_stepped_doors, nicolae_vaults_diamond_1,
          minmay_crypt_entry_simple_box, nicolae_vaults_three_branches,
          nicolae_vaults_trapezoid_lopsided_1, nicolae_vaults_diamond_2,
          nicolae_vaults_ring_of_whatevers, layout_vaults_omnigrid, uniq_boris,
          uniq_frederick
Vaults:3: nicolae_vaults_back_hallway, hangedman_vaults_hat,
          nicolae_vaults_theta, nicolae_vaults_quadrants,
          nicolae_vaults_trapezoid_1, hangedman_vaults_river_flow,
          nicolae_vaults_shrinking_rooms_1, vaults_mumra_minichess,
          ontoclasm_vaults_pinch, vaults_mumra_hexcomb, v_misc_33,
          nicolae_vaults_offset_grid_hallway_1, layout_vaults_maze,
          serial_shops, nicolae_diamond_shop
Vaults:4: nicolae_vaults_network_periphery, nicolae_vaults_closet_pinwheel_2,
          nicolae_vaults_network_quinsquares
          [nicolae_vaults_network_quincunx_subvault,
          nicolae_vaults_network_quincunx_subvault,
          nicolae_vaults_network_quincunx_subvault,
          nicolae_vaults_network_quincunx_subvault],
          nicolae_vaults_quartermaster, grunt_vaults_bifocal,
          hangedman_vaults_snaps, v_misc_15,
          nicolae_vaults_windows_and_doors_thing, nicolae_vaults_tangram_2,
          nicolae_vaults_trapezoid_4, nicolae_vaults_specimen_jars,
          nicolae_vaults_house_1, layout_vaults_ring, serial_shops,
          nicolae_diamond_shop, uniq_margery
Vaults:5: serial_shops
Depths:1: layout_forbidden_donut, hangedman_coc_ice_floe, serial_column_ruins,
          column_ruins_portal_squares, column_ruins_open_tiny,
          column_ruins_open_tiny, column_ruins_columns_T, column_ruins_grid_3,
          kennysheep_doodads, amcnicky_mini_rare_corridor_liquid,
          kennysheep_generic_room_15
Depths:2: kennysheep_cluttered_fort, layout_cave_pools, grunt_pan_entry_zigzag,
          hell_entry, chequers_serial_rivers_micro_e, st_stairs_2
Depths:3: minmay_the_grid_plus [minmay_the_grid_spin_star,
          minmay_the_grid_gridbox, minmay_the_grid_artifice,
          minmay_the_grid_tiny_cups, minmay_the_grid_prize_big_room],
          layout_gridlike, enter_ziggurat_d, grunt_mini_vestibule,
          nicolae_hepliaklqana_hazy_memory, abyss_entry_small_statue_room,
          nicolae_ashenzari_panopticon, uniq_norris
Depths:4: grunt_zot_entry_bicorn, layout_basic, nicolae_the_louvre,
          nicolae_hell_entry_big_baal_hell, minmay_fractal_squares_diagonal_5
Zot:1:    layout_basic, skrybe_zot_glass_1, st_large_dragon_hoard_1
Zot:2:    layout_misc_corridors
Zot:3:    layout_concentric_octagons, st_small_dragon_hoard_4,
          guppyfry_library_mini, grunt_megastairs_1, uniq_tiamat
Zot:4:    layout_cathedral_of_symmetry, hangedman_zot_gyre, evilmike_ambush
          [evilmike_ambush_outer_corners, evilmike_ambush_inner_pond]
Zot:5:    layout_basic, door_vault

Skill      XL: |  1  2  3  4  5  6  7  8  9 10 11 12 13 14 15 16 17 18 19 20 21 22 23 24 25 26 27 |
---------------+----------------------------------------------------------------------------------+-----
Spellcasting   | 3 4 5 6 7 9 10 11 13 15 16 17 18 20 22 23 | 23.0
Conjurations   | 3 4 5 6 7 9 10 11 13 15 16 17 18 20 22 23 | 23.0
Hexes          | 3 4 5 6 7 9 10 11 13 15 16 17 18 20 22 23 | 23.0
Summonings     | 3 4 5 6 7 9 10 11 13 15 16 17 18 20 22 23 | 23.0
Necromancy     | 3 4 5 6 7 9 10 11 13 15 16 17 18 20 22 23 | 23.0
Translocations | 3 4 5 6 7 9 10 11 13 15 16 17 18 20 22 23 | 23.0
Transmutations | 3 4 5 6 7 9 10 11 13 15 16 17 18 20 22 23 | 23.0
Fire Magic     | 3 4 5 6 7 9 10 11 13 15 16 17 18 20 22 23 | 23.0
Ice Magic      | 3 4 5 6 7 9 10 11 13 15 16 17 18 20 22 23 | 23.0
Air Magic      | 3 4 5 6 7 9 10 11 13 15 16 17 18 20 22 23 | 23.0
Earth Magic    | 3 4 5 6 7 9 10 11 13 15 16 17 18 20 22 23 | 23.0
Poison Magic   | 3 4 5 6 7 9 10 11 13 15 16 17 18 20 22 24 | 24.3
Shields        | 1 3 4 6 7 11 13 17 | 17.0
Fighting       | 2 4 5 7 8 10 14 16 17 18 19 20 | 20.1
Stealth        | 2 3 5 6 |  6.0
Evocations     | 1 2 3 4 5 6 7 8 9 |  9.0
Short Blades   | 2 3 |  3.0
Dodging        | 3 4 7 9 10 12 14 17 | 17.0
Long Blades    | 6 7 9 12 13 15 | 15.8
Throwing       | 2 |  2.0
Armour         | 1 2 5 6 |  6.0

Action                     |  1- 3 |  4- 6 |  7- 9 | 10-12 | 13-15 | 16-18 | 19-21 | 22-24 | 25-27 || total
---------------------------+-------+-------+-------+-------+-------+-------+-------+-------+-------++-------
  Melee: Short sword       |    18 |    81 |   123 |    26 |       |       |       |       |       ||   248
         Long sword        |       |       |       |   297 |    95 |       |    12 |       |       ||   404
         Scimitar          |       |       |       |       |   287 |     1 |     3 |    24 |    28 ||   343
         Double sword      |       |       |       |       |       |       |    15 |    29 |     4 ||    48
         Staff             |       |       |       |       |       |       |       |       |     2 ||     2
  Throw: Stone             |       |       |       |     2 |       |       |       |       |       ||     2
         Dart              |       |       |       |     3 |     5 |       |       |       |       ||     8
         Boomerang         |       |       |       |       |       |       |     2 |     2 |       ||     4
   Cast: Magic Dart        |    49 |    60 |   122 |   174 |   380 |   130 |    20 |     7 |    19 ||   961
         Slow              |     1 |       |     3 |     6 |     2 |       |       |       |       ||    12
         Mephitic Cloud    |       |     8 |    21 |    44 |    53 |     1 |       |       |       ||   127
         Shock             |       |     5 |    20 |    14 |    79 |     3 |       |       |       ||   121
         Call Imp          |       |       |     6 |     7 |     3 |       |       |       |       ||    16
         Hailstorm         |       |       |       |    19 |   292 |    20 |    11 |       |       ||   342
         Blink             |       |       |       |     1 |       |     1 |       |       |       ||     2
         Yara's Violent Un |       |       |       |     1 |    17 |     1 |    21 |     1 |     1 ||    42
         Starburst         |       |       |       |       |   108 |   342 |   155 |   122 |    33 ||   760
         Alistair's Intoxi |       |       |       |       |    14 |     4 |     2 |     2 |       ||    22
         Plasma Beam       |       |       |       |       |       |   161 |   225 |   413 |   118 ||   917
         Ozocubu's Armour  |       |       |       |       |       |       |     1 |       |       ||     1
         Dispersal         |       |       |       |       |       |       |     4 |     1 |       ||     5
         Lehudib's Crystal |       |       |       |       |       |       |       |    77 |   280 ||   357
         Summon Horrible T |       |       |       |       |       |       |       |     2 |     2 ||     4
 Invoke: Bribe Branch      |       |       |       |       |       |       |       |       |     7 ||     7
  Evoke: Wand              |       |       |       |       |     5 |     2 |     1 |       |     4 ||    12
    Use: Scroll            |       |     6 |     9 |    20 |     7 |     6 |     5 |     3 |    10 ||    66
         Potion            |       |       |       |     1 |       |     2 |     1 |       |    11 ||    15
   Stab: Sleeping          |     3 |     1 |     1 |     5 |       |       |     1 |       |       ||    11
         Confused          |       |     8 |     7 |    35 |    30 |       |       |       |       ||    80
         Distracted        |       |       |     1 |     1 |     1 |       |       |     3 |     1 ||     7
 Armour: Robe              |     4 |    30 |    33 |    77 |   147 |    47 |    73 |    70 |   163 ||   644
  Dodge: Dodged            |    10 |    20 |    56 |   170 |   216 |    54 |    81 |    82 |   142 ||   831
  Block: Buckler           |     5 |    10 |    25 |   128 |   153 |    20 |       |       |       ||   341
         Reflection        |       |       |     2 |     6 |     5 |       |       |       |       ||    13
         Kite shield       |       |       |       |       |       |     4 |    86 |    68 |    96 ||   254

Table legend: (Time is in decaauts)
 A = Elapsed time spent in this place.
 B = Non-inter-level travel time spent in this place.
 C = Inter-level travel time spent in this place.
 D = Time resting spent in this place.
 E = Time spent auto-exploring this place.
 F = Levels seen in this place.
 G = Mean time per level.
                   A        B        C        D        E       F      G
               +--------+--------+--------+--------+--------+-----+--------+
         Total |  71004 |  59734 |  11270 |  12472 |  36115 |  52 | 1365.5 |
       Dungeon |  20363 |  15738 |   4625 |   3385 |   9221 |  15 | 1357.5 |
        Temple |     42 |      1 |     41 |      0 |      0 |   1 |   42.0 |
          Lair |  10725 |   9359 |   1366 |   2913 |   4778 |   5 | 2145.0 |
         Swamp |   3362 |   3070 |    292 |    378 |   2177 |   4 |  840.5 |
   Spider Nest |   4948 |   4431 |    517 |    471 |   3210 |   4 | 1237.0 |
  Orcish Mines |   3122 |   2544 |    578 |    561 |   1314 |   2 | 1561.0 |
   Elven Halls |   8336 |   7877 |    459 |    574 |   6791 |   3 | 2778.7 |
        Vaults |   8463 |   6559 |   1904 |    860 |   4456 |   5 | 1692.6 |
        Depths |   5665 |   4986 |    679 |   1409 |   2751 |   4 | 1416.2 |
           Zot |   3274 |   2469 |    805 |    978 |    438 |   5 |  654.8 |
        Bailey |    731 |    731 |      0 |    347 |    214 |   1 |  731.0 |
      Ice Cave |    825 |    825 |      0 |    284 |    196 |   1 |  825.0 |
        Wizlab |    368 |    368 |      0 |     29 |    261 |   1 |  368.0 |
      Gauntlet |    773 |    773 |      0 |    283 |    308 |   1 |  773.0 |
               +--------+--------+--------+--------+--------+-----+--------+

Top non-repeatable levels by time:
   Elf:3: 6447 daAuts
  Lair:5: 2943 daAuts
  Lair:4: 2672 daAuts
    D:13: 2399 daAuts
Depths:4: 2188 daAuts
Vaults:2: 2065 daAuts
  Lair:3: 1989 daAuts
     D:5: 1882 daAuts
Depths:3: 1876 daAuts
     D:4: 1848 daAuts
Vaults:1: 1836 daAuts
   Orc:2: 1821 daAuts
Vaults:4: 1687 daAuts
  Lair:1: 1601 daAuts
    D:10: 1545 daAuts
